 Dungeon Crawl Stone Soup version 0.23.2-33-g5129a83184 (webtiles) character file.

Game seed: 9554783432756344130

2003 Gwenloh the Geomancer (level 9, -8/56 HPs)
             Began as a Gargoyle Earth Elementalist on July 13, 2019.
             Was a Follower of Vehumet.
             Mangled by a hornet zombie (10 damage)
             ... on level 7 of the Dungeon.
             The game lasted 00:30:57 (7000 turns).

Gwenloh the Geomancer (Gargoyle Earth Elementalist) Turns: 7000, Time: 00:30:58

Health: -8/56      AC: 16    Str: 11    XL:     9   Next: 22%
Magic:  16/17      EV: 11    Int: 20    God:    Vehumet [*.....]
Gold:   287        SH:  0    Dex: 10    Spells: 8/19 levels left

rFire    . . .     SeeInvis .   u - +4 quarterstaff (chaos)
rCold    . . .     Gourm    .   (shield currently unavailable)
rNeg     + . .     Faith    .   r - +2 leather armour {MR+}
rPois    ∞         Spirit   .   c - +1 helmet
rElec    +         Reflect  .   x - +0 cloak
rCorr    .         Harm     .   (no gloves)
MR       +....                  n - +0 pair of boots
Stlth    ++........             (no amulet)
HPRegen  0.18/turn              (no ring)
MPRegen  0.15/turn              (no ring)

@: no status effects
A: negative energy resistance 1, electricity resistance, unbreathing,
petrification resistance, rot immunity, AC +6
a: Renounce Religion


You were on level 7 of the Dungeon.
You worshipped Vehumet.
Vehumet was aware of your devotion.
You were not hungry.

You visited 2 branches of the dungeon, and saw 8 of its levels.

You collected 287 gold pieces.

Inventory:

Hand Weapons
 a - a +1 whip
 b - a +0 blowgun
 g - a +0 dagger
 u - a +4 quarterstaff of chaos (weapon)
Missiles
 f - 47 poisoned needles
 q - 2 javelins of penetration (quivered)
 s - 10 tomahawks
 w - 166 stones
Armour
 c - a +1 helmet (worn)
 n - a +0 pair of boots (worn)
 r - a +2 leather armour of magic resistance (worn)
 x - a +0 cloak (worn)
Jewellery
 z - an uncursed ring of protection from cold {unknown}
Wands
 y - a wand of flame (16)
 A - a wand of acid (9)
 G - a wand of clouds (6)
Scrolls
 h - 4 scrolls of identify
 i - 2 scrolls of enchant armour {unknown}
 k - 2 scrolls of teleportation
 o - a scroll of blinking {unknown}
 p - a scroll of remove curse
 v - a scroll of fog
 C - a scroll of noise {unknown}
Potions
 e - 2 potions of flight
 j - 3 potions of lignification
 l - 4 potions of curing
 m - 2 potions of heal wounds
 t - a potion of berserk rage {unknown}
 B - a potion of invisibility {unknown}
 D - a potion of agility {unknown}
 F - a potion of resistance
Comestibles
 d - 14 rations
 E - 14 chunks of flesh


   Skills:
 + Level 6.5 Fighting
 + Level 5.4 Armour
 - Level 1.5 Dodging
 - Level 2.1 Stealth
 + Level 5.9 Spellcasting
 - Level 0.7 Transmutations
 + Level 8.2 Earth Magic


You had 8 spell levels left.
You knew the following spells:

 Your Spells              Type           Power        Failure   Level  Hunger
a - Sandblast             Erth           #####.       1%          1    None
b - Passwall              Tmut/Erth      ###.....     3%          2    None
c - Stone Arrow           Conj/Erth      ###...       8%          3    ##.....
d - Lee's Rapid Deconstr  Erth           #####.....   13%         5    #####..

Your spell library contained the following spells:

 Spells                   Type           Power        Failure   Level  Hunger
 Sting                    Conj/Pois      #...         14%         1    None
 Petrify                  Tmut/Erth      ###.....     22%         4    ####...


Dungeon Overview and Level Annotations

Branches:
Dungeon (7/15)             Temple (1/1) D:5

Altars:
Ashenzari
Cheibriados
Dithmenos
Elyvilon
Fedhas
Gozag
Hepliaklqana
Kikubaaqudgha
Makhleb
Nemelex Xobeh
Okawaru
Qazlal
Ru
Sif Muna
Trog
Uskayaw
Vehumet
Wu Jian
Xom
Yredelemnul
Zin
The Shining One


Innate Abilities, Weirdness & Mutations

You are resistant to torment.
Your stone body is resilient. (AC +6)
You are immune to poison.
You resist negative energy. (rN+)
You are resistant to electric shocks. (rElec)
You can survive without breathing.
You are immune to petrification.
You are immune to rotting.


Message History

Throwing (i - inventory. (/) - cycle)
q - 3 javelins of penetration (quivered)
Press: ? - help, Shift-Dir - straight line You throw a javelin of penetration.
Something hits you.
* * * LOW HITPOINT WARNING * * *
Something hits you but does no damage.
Casting: Sandblast (safe; 1% risk of failure)
Confirm with . or Enter, or press ? or * to list all spells.
You can't see any susceptible monsters within range! (Use Z to cast anyway.) Unknown command.
Casting: Sandblast (safe; 1% risk of failure)
Confirm with . or Enter, or press ? or * to list all spells.
You don't know that spell.
Casting: Sandblast (safe; 1% risk of failure)
Confirm with . or Enter, or press ? or * to list all spells.
Aiming: Sandblast (safe; 1% risk of failure)
Press: ? - help, Shift-Dir - straight line
w - 166 stones Something hits you but does no damage.
Something hits you!
You die...

#._.#..#.#
#...#.(#.##
##...####..#
#..).......#
#......#..##
#......##÷####
#......##(...#
#########....#
#...@####
####.)..#
####.# ####)#
#<...# ######


You could see a +0 hand axe.

Vanquished Creatures
  2 orc warriors
  A phantom (D:5)
  4 ogres
  A centaur (D:5)
  4 bullfrogs
  A scorpion (D:3)
  4 killer bees (D:7)
  Crazy Yiuf (D:3)
  7 orc wizards
  3 hounds
  3 orc priests
  2 iguanas
  3 worker ants
  A hound skeleton (D:4)
  2 worker ant zombies (D:5)
  12 adders
  2 oozes
  An adder skeleton (D:4)
  7 worms
  4 dart slugs
  2 leopard geckos
  21 orcs
  8 bats
  4 giant cockroaches
  5 goblins
  11 hobgoblins
  8 jackals
  4 quokkas
  5 frilled lizards
  A jackal skeleton (D:5)
  8 kobolds
  A leopard gecko skeleton (D:5)
  2 quokka skeletons
  5 rats
150 creatures vanquished.

Vanquished Creatures (others)
  3 plants (D:7)
3 creatures vanquished.

Grand Total: 153 creatures vanquished

Notes
Turn   | Place    | Note
-------+----------+-------------------------------------------
     0 | D:1      | Gwenloh the Gargoyle Earth Elementalist began the quest for
                  | the Orb.
     0 | D:1      | Reached XP level 1. HP: 10/10 MP: 3/3
   161 | D:1      | Reached XP level 2. HP: 14/16 MP: 0/5
   220 | D:1      | Learned a level 2 spell: Passwall
   288 | D:1      | Reached skill level 1 in Fighting
   499 | D:1      | Reached skill level 4 in Earth Magic
   741 | D:1      | Reached XP level 3. HP: 20/20 MP: 6/6
   883 | D:1      | Learned a level 3 spell: Stone Arrow
  1347 | D:2      | Reached XP level 4. HP: 26/26 MP: 6/8
  1770 | D:3      | Noticed a bullfrog
  1782 | D:3      | Killed a bullfrog
  1782 | D:3      | Reached skill level 5 in Earth Magic
  1782 | D:3      | Reached XP level 5. HP: 15/32 MP: 7/9
  2037 | D:3      | Found a bloodstained altar of Trog.
  2332 | D:3      | Reached XP level 6. HP: 36/37 MP: 3/11
  2797 | D:3      | Reached skill level 1 in Armour
  3673 | D:3      | Found a runed translucent door.
  3674 | D:3      | Noticed Crazy Yiuf
  3680 | D:3      | Killed Crazy Yiuf
  3815 | D:4      | Reached skill level 6 in Earth Magic
  3815 | D:4      | Reached XP level 7. HP: 43/43 MP: 9/13
  4583 | D:5      | Entered Level 5 of the Dungeon
  4583 | D:5      | Found a staircase to the Ecumenical Temple.
  4742 | Temple   | Entered the Ecumenical Temple
  4832 | Temple   | Became a worshipper of Vehumet
  4927 | D:5      | Learned a level 5 spell: Lee's Rapid Deconstruction
  5022 | D:5      | Reached XP level 8. HP: 43/48 MP: 14/14
  5061 | D:5      | Reached skill level 5 in Fighting
  5442 | D:6      | Reached skill level 7 in Earth Magic
  5744 | D:6      | Reached skill level 5 in Spellcasting
  5864 | D:6      | Reached * piety under Vehumet
  5864 | D:6      | Offered knowledge of Sting by Vehumet.
  6618 | D:7      | Noticed a +0 hand axe
  6621 | D:7      | Noticed a +0 hand axe
  6622 | D:7      | Found a hide-covered altar of Uskayaw.
  6799 | D:7      | Reached XP level 9. HP: 43/55 MP: 17/17
  6854 | D:7      | Reached skill level 5 in Armour
  6878 | D:7      | Reached skill level 8 in Earth Magic
  6997 | D:7      | HP: 2/56 [something (4)]
  7000 | D:7      | Mangled by a hornet zombie

Skill      XL: |  1  2  3  4  5  6  7  8  9 |
---------------+----------------------------+-----
Fighting       | 1 2 3 4 6 |  6.5
Earth Magic    | 4 5 6 7 8 |  8.2
Spellcasting   | 3 4 5 |  5.9
Armour         | 2 3 4 5 |  5.4
Dodging        | |  1.5
Stealth        | |  2.1
Transmutations | |  0.7

Action                   |  1- 3 |  4- 6 |  7- 9 || total
-------------------------+-------+-------+-------++-------
Melee: Unarmed           |    13 |       |       ||    13
       Dagger            |    33 |       |       ||    33
       Whip              |   114 |   235 |       ||   349
       Quarterstaff      |       |     3 |   287 ||   290
Throw: Stone             |     2 |       |       ||     2
       Javelin           |       |       |     3 ||     3
 Cast: Sandblast         |     8 |    25 |    22 ||    55
  Use: Scroll            |     5 |     4 |     1 ||    10
       Potion            |       |       |     1 ||     1
 Stab: Sleeping          |     2 |     3 |       ||     5
       Paralysed         |       |       |     2 ||     2
  Eat: Chunk             |     2 |     7 |    12 ||    21
Armor: Robe              |    80 |    22 |       ||   102
       Leather armour    |       |    80 |   190 ||   270
Dodge: Dodged            |   117 |   123 |   198 ||   438
